 Dungeon Crawl Stone Soup version 0.21-a0-153-g78480df (webtiles) character file.

20 4thArraOfDagon the Magician (level 2, 3/22 HPs)
             Began as a Mummy Warper on Aug 1, 2017.
             Quit the game on level 3 of the Dungeon.
             The game lasted 00:01:45 (341 turns).

4thArraOfDagon the Magician (Mummy Warper)           Turns: 341, Time: 00:01:45

Health: 3/22       AC:  6    Str: 14    XL:     2   Next: 58%
Magic:  14/14      EV:  9    Int: 12    God:
Gold:   22         SH:  0    Dex: 11    Spells: 6/6 levels left

rFire    x . .     SeeInvis .   a - +1 falchion
rCold    + . .     Gourm    .   (no shield)
rNeg     + + +     Faith    .   f - +0 scale mail
rPois    ∞         Spirit   .   (no helmet)
rElec    .         Reflect  .   (no cloak)
rCorr    .         Harm     .   (no gloves)
MR       .....                  (no boots)
Stlth    ..........             (no amulet)
HPRegen  0.07/turn              i - ring of magical power
MPRegen  0.14/turn              (no ring)

@: very slightly contaminated
A: no food or potions, fire vulnerability, cold resistance 1, negative energy
resistance 3, torment resistance, unbreathing
a: no special abilities


You were on level 3 of the Dungeon.
You were not hungry.

You visited 1 branch of the dungeon, and saw 4 of its levels.

You collected 22 gold pieces.

Inventory:

Hand Weapons
 a - a +1 falchion (weapon)
Missiles
 e - 5 tomahawks of dispersal (quivered)
Armour
 b - a +0 leather armour
 f - a +0 scale mail (worn)
Jewellery
 i - a ring of magical power (left hand)
Scrolls
 g - a scroll of identify
 j - a scroll of recharging
Books
 c - a book of Spatial Translocations

   Spells                             Type                      Level
   a - Blink                          Translocation                2
   b - Shroud of Golubria             Charms/Translocation         2
   c - Lesser Beckoning               Translocation                3
   d - Gell's Gravitas                Translocation                3
   e - Teleport Other                 Translocation                3
   f - Passage of Golubria            Translocation                4


   Skills:
 - Level 2.0 Fighting
 * Level 2.2 Long Blades
 + Level 1.0 Throwing
 + Level 1.2 Armour
 + Level 1.6 Dodging
 - Level 2.6 Spellcasting
   Level 2.4 Translocations


You had 6 spell levels left.
You didn't know any spells.

Dungeon Overview and Level Annotations

Branches:
Dungeon (4/15)
 Temple: D:4-7

Altars:
Makhleb


Innate Abilities, Weirdness & Mutations

You do not eat or drink.
Your flesh is vulnerable to fire.
You are immune to poison.
Your flesh is cold resistant. (rC+)
You are immune to negative energy. (rN+++)
You are immune to unholy pain and torment.
You can survive without breathing.


Message History

The jackal bites you.
* * * LOW HITPOINT WARNING * * *
The jackal completely misses you.
Your scale mail prevents you from hitting the jackal.
The jackal bites you but does no damage. x3
The jackal barely misses you.
Unknown command.
You closely miss the jackal. The jackal barely misses you.
The jackal closely misses you.
You riposte.
You closely miss the jackal. The jackal barely misses you.
The jackal closely misses you.
The jackal bites you but does no damage. x2
Unknown command.
Unknown command.
You closely miss the jackal.
The jackal bites you but does no damage.
The jackal barely misses you.
You riposte.
You closely miss the jackal. The jackal closely misses you.
The jackal bites you but does no damage.
Unknown command.
Are you sure you want to abandon this character and quit the game? (Confirm with "yes".)

.......>....
... ...
............
... ..!
............
. .. ...
.........w..
#.##.##.#
#######.#.#.
#.....#.#
#.#.#.
......#.#
###+#.#.
..(..Zhh#
#...w...
.....#h@#
#.%.....
#.......#
#.......
#......>#
#.......
#?......#
#.......
#.......#
#.......
#.......#
#.......
........#
#....(..
........#
#.......
........#
#.......


You could see 3 jackals and a hound skeleton.

Vanquished Creatures
  An adder (D:2)
  A dart slug (D:2)
  A goblin (D:2)
  3 hobgoblins
  2 bats (D:1)
  A rat (D:1)
9 creatures vanquished.

Notes
Turn   | Place    | Note
-------+----------+-------------------------------------------
     0 | D:1      | 4thArraOfDagon the Mummy Warper began the quest for the Orb.
     0 | D:1      | Reached XP level 1. HP: 16/16 MP: 4/4
   140 | D:1      | Reached skill level 1 in Armour
   192 | D:2      | Reached XP level 2. HP: 22/22 MP: 5/5
   226 | D:2      | Reached skill level 1 in Throwing
   318 | D:4      | Found a burning altar of Makhleb.
   341 | D:3      | Quit the game

Vault maps used:
D:1:      dpeg_arrival_morbid_curiosity
D:2:      first_bread, minmay_split_cup_large
D:3:      trog_hazing_becter
D:4:      lemuel_doored_altar, temple_green, nicolae_ossuary_entry_catacombs,
          minmay_misc_feat_diagonals, uniq_edmund

Skill      XL: |  1  2 |
---------------+-------+-----
Armour         | 1 |  1.2
Long Blades    | 2 |  2.2
Throwing       | 1 |  1.0
Fighting       | |  2.0
Dodging        | |  1.6
Spellcasting   | |  2.6
Translocations | |  2.4

Action                   || total
-------------------------++-------
Melee: Falchion          ||    41
  Use: Scroll            ||     3
Armor: Scale mail        ||    32
Dodge: Dodged            ||    45
       Rpst.: Falchion   ||    16
